 Dungeon Crawl Stone Soup version 0.31-a0-145-g046c7d2549 (webtiles) character file.

Game seed: 5143169272236783867

285 zazu2006 the Prestidigitator (level 6, -3/44 HPs)
             Began as a Gnoll Wanderer on June 6, 2023.
             Was an Initiate of Vehumet.
             Slain by a gnoll
             ... wielding a +0 whip
             ... led by a gnoll bouda
              (9 damage)
             ... on level 4 of the Dungeon.
             The game lasted 00:06:41 (3264 turns).

zazu2006 the Prestidigitator (Gnoll Wanderer)       Turns: 3264, Time: 00:06:48

Health: -3/44      AC:  5    Str: 16    XL:     6   Next: 29%
Magic:  9/9        EV: 12    Int: 10    God:    Vehumet [......]
Gold:   91         SH:  0    Dex: 16    Spells: 9/9 levels left

rFire   + . .        a - +2 mace
rCold   . . .        s - orb {*Rage}
rNeg    . . .        e - +0 leather armour
rPois   .            w - +0 helmet
rElec   .            (no cloak)
rCorr   .            (no gloves)
SInv    .            p - +0 pair of boots
Will    .....        (no amulet)
Stlth   ++           o - ring of protection from fire
HPRegen 0.27/turn    x - +6 ring of strength
MPRegen 0.11/turn

%: random rage (20%)
@: weakened, on berserk cooldown, slowed, very slow
A: fangs 1, strong nose, distributed training
a: Renounce Religion


You were on level 4 of the Dungeon.
You worshipped Vehumet.
Vehumet was noncommittal.
You visited 2 branches of the dungeon, and saw 5 of its levels.

You collected 91 gold pieces.

Inventory:

Hand Weapons
 a - a +2 mace (weapon)
 b - a +0 falchion
Armour
 e - a +0 leather armour (worn)
 p - a +0 pair of boots (worn)
 s - an orb of wrath (worn)
 w - a +0 helmet (worn)
Jewellery
 o - a ring of protection from fire (left hand)
 x - a +6 ring of strength (right hand)
Wands
 c - a wand of polymorph (4) (quivered)
 u - a wand of flame (6)
Scrolls
 f - a scroll of noise {unknown}
 i - 7 scrolls of identify {unknown}
 j - 2 scrolls of teleportation {unknown}
 l - a scroll of fear {unknown}
 m - 2 scrolls of poison {unknown}
 y - a scroll of magic mapping {unknown}
Potions
 d - 4 potions of curing
 g - a potion of cancellation {unknown}
 h - a potion of haste {unknown}
 k - a potion of berserk rage {unknown}
 n - a potion of might {unknown}
 q - a potion of magic {unknown}
 r - a potion of ambrosia {unknown}
 t - 2 potions of resistance {unknown}
 v - 3 potions of enlightenment {unknown}


   Skills:
 + Level 2.0 Fighting
 + Level 2.0 Short Blades
 + Level 6.8 Long Blades
 + Level 2.0 Axes
 + Level 6.8 Maces & Flails
 + Level 2.0 Polearms
 + Level 2.0 Staves
 + Level 2.0 Ranged Weapons
 + Level 2.0 Throwing
 + Level 2.0 Armour
 + Level 2.0 Dodging
 + Level 2.0 Stealth
 + Level 2.0 Shields
 + Level 2.0 Unarmed Combat
 + Level 2.0 Spellcasting
 + Level 1.5 Conjurations
 + Level 1.5 Hexes
 + Level 1.5 Summonings
 + Level 1.5 Necromancy
 + Level 1.5 Translocations
 + Level 1.5 Transmutations
 + Level 1.5 Fire Magic
 + Level 1.5 Ice Magic
 + Level 1.5 Air Magic
 + Level 1.5 Earth Magic
 + Level 1.5 Poison Magic
 + Level 2.2 Invocations
 + Level 8.7 Evocations


You had 9 spell levels left.
You didn't know any spells.
Your spell library contained the following spells:

 Spells                   Type           Power      Damage    Failure   Level
 Vhi's Electric Charge    Tloc/Air       8%         N/A       52%         3
 Arcjolt                  Conj/Air       2%         1d12      99%         5
 Plasma Beam              Fire/Air       2%         2x1d12    100%        6


Dungeon Overview and Level Annotations

Branches:
Dungeon (4/15)             Temple (1/1) D:4

Altars:
Ashenzari
Qazlal
Vehumet

Shops:
D:1 (

Annotations:
D:2 1 runed translucent door, Crazy Yiuf


Innate Abilities, Weirdness & Mutations

You have very sharp teeth.
Your uncanny sense of smell can sniff out nearby items.
Your experience applies equally to all skills.


Message History

The gnoll shouts! x2; The gnoll bouda shouts!
The gnoll bouda barks out a call to the hunt!
The gnolls pick up the pace!
The gnoll hits you but does no damage.
You sock the gnoll bouda!
The gnoll bouda is moderately wounded.
The gnoll closely misses you. The gnoll bouda barely misses you.
You hit the gnoll bouda. Your bite misses the gnoll bouda.
The gnoll bouda is severely wounded.
The gnoll misses you. The gnoll bouda completely misses you.
The gnoll hits you but does no damage.
You hit the gnoll bouda but do no damage.
The gnoll bouda is severely wounded.
The gnoll bouda closely misses you. The gnoll hits you but does no damage.
The gnoll bouda gazes fiercely through you!
You feel your attacks grow feeble. The gnoll bouda closely misses you.
You closely miss the gnoll bouda.
The gnoll bouda is severely wounded.
The gnoll barely misses you.
The gnoll bouda gazes fiercely through you!
You feel as though you will be weak longer.
The gnoll bouda barely misses you. The gnoll hits you with a +0 whip!
You barely miss the gnoll bouda.
The gnoll bouda is severely wounded.
The gnoll bouda hits you with a +0 club!
The gnoll hits you with a +0 whip. The gnoll bouda barely misses you.
You hit the gnoll bouda but do no damage.
You bite the gnoll bouda, but do no damage.
The gnoll bouda is severely wounded.
The gnoll hits you with a +0 whip! The gnoll bouda closely misses you.
The gnoll barely misses you.
You hit the gnoll bouda but do no damage.
You bite the gnoll bouda, but do no damage.
The gnoll bouda is severely wounded.
The gnoll bouda closely misses you. The gnoll hits you but does no damage.
The gnoll bouda hits you with a +0 club!
* * * LOW HITPOINT WARNING * * *
The gnoll hits you with a +0 whip!
You die...

############
#......!...#
#..........#
..........# #####
#...#....###...... #
#.⌠.#.!...@gg#
#..###...###$.##g##
#......)......# ##
#...⌠..>..⌠..######.
#............).......
#.#.###...###...####.
... #.⌠.#..).## ## ..
.#...#...##.... .
.............>..


You could see a gnoll bouda and 2 gnolls.

Vanquished Creatures
  A scorpion (D:4)
  Jessica (D:3)
  A sleepcap (D:4)
  Robin (D:3)
  3 adders
  2 gnolls (D:4)
  A worm (D:2)
  3 dart slugs
  4 orcs (D:3)
  4 endoplasms
  6 giant cockroaches
  24 goblins
  11 hobgoblins
  8 jackals
  2 quokkas
  3 ball pythons
  6 bats
  4 frilled lizards
  8 kobolds
  9 rats
102 creatures vanquished.

Notes
Turn   | Place    | Note
-------+----------+-------------------------------------------
     0 | D:1      | zazu2006 the Gnoll Wanderer began the quest for the Orb.
     0 | D:1      | zazu2006 set off with the following items: a +2 mace, a +0
                  | falchion, a wand of polymorph (4), a potion of curing, a +0
                  | leather armour.
     0 | D:1      | Reached XP level 1. HP: 13/13 MP: 1/1
   182 | D:1      | Reached XP level 2. HP: 9/19 MP: 2/2
   435 | D:1      | Reached XP level 3. HP: 19/25 MP: 3/3
   489 | D:1      | Found Ecwuu's Weapon Shoppe.
   617 | D:1      | Found a faded altar of an unknown god.
   633 | D:1      | Reached skill level 1 in Invocations
   825 | D:2      | Reached skill level 1 in Fighting
   825 | D:2      | Reached skill level 1 in Short Blades
   825 | D:2      | Reached skill level 1 in Axes
   825 | D:2      | Reached skill level 1 in Polearms
   825 | D:2      | Reached skill level 1 in Staves
   825 | D:2      | Reached skill level 1 in Ranged Weapons
   825 | D:2      | Reached skill level 1 in Throwing
   825 | D:2      | Reached skill level 1 in Armour
   825 | D:2      | Reached skill level 1 in Dodging
   825 | D:2      | Reached skill level 1 in Stealth
   825 | D:2      | Reached skill level 1 in Shields
   825 | D:2      | Reached skill level 1 in Unarmed Combat
   825 | D:2      | Reached skill level 1 in Spellcasting
   848 | D:2      | Found a runed translucent door.
   849 | D:2      | Noticed Crazy Yiuf
  1277 | D:2      | Reached XP level 4. HP: 31/32 MP: 5/5
  1726 | D:2      | Reached skill level 1 in Conjurations
  1726 | D:2      | Reached skill level 1 in Hexes
  1726 | D:2      | Reached skill level 1 in Summonings
  1726 | D:2      | Reached skill level 1 in Necromancy
  1726 | D:2      | Reached skill level 1 in Translocations
  1726 | D:2      | Reached skill level 1 in Transmutations
  1726 | D:2      | Reached skill level 1 in Fire Magic
  1726 | D:2      | Reached skill level 1 in Ice Magic
  1726 | D:2      | Reached skill level 1 in Air Magic
  1726 | D:2      | Reached skill level 1 in Earth Magic
  1726 | D:2      | Reached skill level 1 in Poison Magic
  2438 | D:3      | Noticed Jessica
  2444 | D:3      | Killed Jessica
  2448 | D:3      | Reached XP level 5. HP: 13/37 MP: 5/7
  2855 | D:3      | Noticed Robin
  2887 | D:3      | Killed Robin
  3043 | D:4      | Reached XP level 6. HP: 44/44 MP: 8/8
  3102 | D:4      | Found a stormy altar of Qazlal.
  3157 | D:4      | Found a staircase to the Ecumenical Temple.
  3201 | Temple   | Entered the Ecumenical Temple
  3221 | Temple   | Became a worshipper of Vehumet
  3264 | D:4      | Slain by a gnoll

Illustrated notes

Levels and vault maps discovered:
D:1:      nicolae_arrival_somewhat_less_tricky_arrival, layout_basic,
          serial_shops, shop, shapermc_ecumenical_altar_ellora
D:2:      layout_basic, nicolae_hexahallways, uniq_crazy_yiuf_cottage
D:3:      corexii_shack_village, layout_rooms, uniq_robin, uniq_jessica
D:4:      layout_rooms, fedhas_altar_3, nemelex_dance_club_becter,
          mainiacjoe_overflow_paths, minmay_temple_entry_junction_2,
          nicolae_shop_self_help
Temple:   hellmonk_temple_beads

Skill      XL: |  1  2  3  4  5  6 |
---------------+-------------------+-----
Invocations    | 1 2 |  2.2
Fighting       | 1 2 |  2.0
Short Blades   | 1 2 |  2.0
Axes           | 1 2 |  2.0
Polearms       | 1 2 |  2.0
Staves         | 1 2 |  2.0
Ranged Weapons | 1 2 |  2.0
Throwing       | 1 2 |  2.0
Armour         | 1 2 |  2.0
Dodging        | 1 2 |  2.0
Stealth        | 1 2 |  2.0
Shields        | 1 2 |  2.0
Unarmed Combat | 1 2 |  2.0
Spellcasting   | 1 2 |  2.0
Conjurations   | 1 |  1.5
Hexes          | 1 |  1.5
Summonings     | 1 |  1.5
Necromancy     | 1 |  1.5
Translocations | 1 |  1.5
Transmutations | 1 |  1.5
Fire Magic     | 1 |  1.5
Ice Magic      | 1 |  1.5
Air Magic      | 1 |  1.5
Earth Magic    | 1 |  1.5
Poison Magic   | 1 |  1.5
Long Blades    | |  6.8
Maces & Flails | |  6.8
Evocations     | |  8.7

Action                     |  1- 3 |  4- 6 || total
---------------------------+-------+-------++-------
  Melee: Mace              |    97 |   140 ||   237
         Bite              |     5 |    11 ||    16
         Punch             |     1 |     2 ||     3
   Stab: Sleeping          |     1 |     4 ||     5
 Armour: Leather armour    |    23 |    45 ||    68
  Dodge: Dodged            |    58 |   102 ||   160

Table legend: (Time is in decaauts)
 A = Elapsed time spent in this place.
 B = Non-inter-level travel time spent in this place.
 C = Inter-level travel time spent in this place.
 D = Time resting spent in this place.
 E = Time spent auto-exploring this place.
 F = Levels seen in this place.
 G = Mean time per level.
                   A        B        C        D        E       F      G
               +--------+--------+--------+--------+--------+-----+--------+
         Total |   3319 |   3154 |    165 |     66 |   2372 |   5 |  663.8 |
       Dungeon |   3283 |   3133 |    150 |     66 |   2357 |   4 |  820.8 |
        Temple |     35 |     20 |     15 |      0 |     15 |   1 |   35.0 |
               +--------+--------+--------+--------+--------+-----+--------+

Top non-repeatable levels by time:
     D:2: 1426 daAuts
     D:3: 838 daAuts
     D:1: 802 daAuts
     D:4: 215 daAuts
  Temple: 35 daAuts
